 Dungeon Crawl Stone Soup version 0.27-a0-592-g0306a34022 (webtiles) character file.

Game seed: 9174162395953638608

25 tatocazan the Ducker (level 2, -3/23 HPs)
             Began as a Demonspawn Gladiator on Mar 10, 2021.
             Slain by a phantom (6 damage)
             ... on level 2 of the Dungeon.
             The game lasted 00:01:23 (1493 turns).

tatocazan the Ducker (Demonspawn Gladiator)         Turns: 1493, Time: 00:01:23

Health: -3/23      AC:  4    Str: 14    XL:     2   Next: 82%
Magic:  2/2        EV: 16    Int:  9    God:
Gold:   55         SH:  0    Dex: 14    Spells: 1/1 levels left

rFire    . . .     SeeInvis .   a - +0 war axe
rCold    . . .     Faith    .   (no shield)
rNeg     . . .     Spirit   .   b - +0 leather armour
rPois    .         Reflect  .   g - +0 helmet
rElec    .         Harm     .   (no cloak)
rCorr    .         Rampage  .   (no gloves)
Will     .....                  (no boots)
Stlth    +.........             (no amulet)
HPRegen  0.07/turn              j - +4 ring of evasion
MPRegen  0.16/turn              (no ring)

@: no status effects
A: magic regeneration
a: no special abilities


You were on level 2 of the Dungeon.
You visited 1 branch of the dungeon, and saw 2 of its levels.

You collected 55 gold pieces.

Inventory:

Hand Weapons
 a - a +0 war axe (weapon)
Missiles
 d - 3 throwing nets (quivered)
Armour
 b - a +0 leather armour (worn)
 c - a +0 helmet
 g - a +0 helmet (worn)
Jewellery
 j - a +4 ring of evasion (right hand)
Scrolls
 e - a scroll of magic mapping {unknown}
 f - a scroll of enchant armour {unknown}
 h - a scroll of identify {unknown}
 i - a scroll of noise {unknown}
 k - a scroll of teleportation {unknown}


   Skills:
 + Level 2.4 Fighting
 + Level 2.9 Axes
 + Level 2.2 Throwing
 + Level 3.0 Dodging


You had one spell level left.
You didn't know any spells.
Your spell library was empty.

Dungeon Overview and Level Annotations

Branches:
Dungeon (2/15)

Altars:


Innate Abilities, Weirdness & Mutations

You regenerate magic rapidly.


Message History

No target in view!
No target in view!
No target in view!
No target in view!
No target in view!
No target in view!
No target in view!
No target in view!
No target in view!
Found 9 poisoned darts.
You see here 9 poisoned darts.
A phantom comes into view.
A phantom is nearby!
A phantom is nearby!
The phantom misses you.
You barely miss the phantom. The phantom misses you.
The phantom barely misses you.
You barely miss the phantom. The phantom hits you.
The phantom blinks!
You blink.
A hobgoblin comes into view. It is wielding a +0 club.
You take 5 damage, and have 18/23 hp.
MASSIVE DAMAGE!!
You closely miss the phantom. The phantom closely misses you.
You hit the phantom but do no damage. The phantom misses you.
The phantom hits you.
The phantom blinks!
You blink.
You take 1 damage, and have 17/23 hp.
You barely miss the phantom. The phantom hits you!
The phantom blinks!
You blink.
You take 7 damage, and have 10/23 hp.
MASSIVE DAMAGE!!
You are too injured to fight recklessly!
You are too injured to fight recklessly!
You are too injured to fight recklessly!
You slash the phantom!
The phantom is moderately damaged.
The phantom misses you.
You closely miss the phantom.
The phantom is moderately damaged.
The phantom hits you!
* * * LOW HITPOINT WARNING * * *
The phantom hits you.
You die...

...# #.#
.#.# ###.#
##.# ..#.#
# # #.#.#
#.#.#
#.#.#
#.#.##
#....##
#@....#
#W....#
#.....#
#....##
.....g.###
.#####.#
#.# #.# #.


You could see a phantom and a hobgoblin.

Vanquished Creatures
  2 dart slugs
  3 giant cockroaches
  3 hobgoblins
  2 kobolds
  6 bats (D:1)
  2 frilled lizards (D:1)
  2 rats (D:1)
20 creatures vanquished.

Notes
Turn   | Place    | Note
-------+----------+-------------------------------------------
     0 | D:1      | tatocazan the Demonspawn Gladiator began the quest for the
                  | Orb.
     0 | D:1      | Reached XP level 1. HP: 16/16 MP: 1/1
   561 | D:1      | Gained mutation: You regenerate magic rapidly. [demonic
                  | ancestry]
   561 | D:1      | Reached XP level 2. HP: 10/22 MP: 2/2
  1343 | D:2      | Reached skill level 3 in Dodging
  1484 | D:2      | Noticed a phantom
  1493 | D:2      | Slain by a phantom

Illustrated notes

Levels and vault maps discovered:
D:1:      tarquinn_simple_flora_water_a, layout_loops_ring
D:2:      layout_loops_ring, okawaru_metal_pillars_1_2

Skill      XL: |  1  2 |
---------------+-------+-----
Throwing       | 2 |  2.2
Dodging        | 3 |  3.0
Fighting       | |  2.4
Axes           | |  2.9

Action                   || total
-------------------------++-------
Melee: War axe           ||    69
Armor: Leather armour    ||    24
Dodge: Dodged            ||    54

Table legend: (Time is in decaauts)
 A = Elapsed time spent in this place.
 B = Non-inter-level travel time spent in this place.
 C = Inter-level travel time spent in this place.
 D = Time resting spent in this place.
 E = Time spent auto-exploring this place.
 F = Levels seen in this place.
 G = Mean time per level.
                   A        B        C        D        E       F      G
               +--------+--------+--------+--------+--------+-----+--------+
         Total |   1516 |   1499 |     17 |    529 |    771 |   2 |  758.0 |
       Dungeon |   1516 |   1499 |     17 |    529 |    771 |   2 |  758.0 |
               +--------+--------+--------+--------+--------+-----+--------+

Top non-repeatable levels by time:
     D:1: 1273 daAuts
     D:2: 243 daAuts
